Map: Jagannatha LE

Players

zuka - Winner!

  • Race: Protoss Protoss
  • League: Master

Alexander

  • Race: Protoss Protoss
  • League: Master

VOD

Have the link to the VOD?

Description

Time

  • Played on: May 11, 2021, 2:53 p.m.
  • Length: 4:47
Show
View Real Time Build Order
Export as new Build Order

zuka Protoss - Winner!

Build Orders:  

Get SALT Encoding   

  12  0:00  Probe  
  13  0:12  Probe  
  14  0:18  Pylon  
  14  0:24  Probe (Chrono Boost)  
  15  0:37  Probe (Chrono Boost)  
  15  0:40  Gateway  
  16  0:42  Probe (Chrono Boost)  
  16  0:49  Assimilator  
  17  0:57  Pylon  
  17  1:00  Probe  
  18  1:12  Probe  
  18  1:16  Gateway  
  19  1:24  Probe  
  20  1:29  Cybernetics Core  
  20  1:32  Zealot  
  22  1:36  Probe  
  23  1:45  Pylon  
  23  2:00  Warp Gate (Chrono Boost)  
  23  2:05  Zealot  
  25  2:15  Robotics Facility  
  25  2:21  Zealot  
  27  2:24  Pylon  
  27  2:33  Gateway  
  27  2:38  Gateway  
  27  2:42  Zealot  
  29  2:48  Pylon  
  29  3:00  Warp Prism (Chrono Boost)  
  31  3:11  Assimilator  
  31  3:36  Stalker x3  
  31  3:38  Stalker  
  39  3:44  Pylon  
  39  4:17  Zealot  
  39  4:18  Zealot x3  
  43  4:43  Stalker x3  
Show
View Real Time Build Order
Export as new Build Order

Alexander Protoss 

Build Orders:  

Get SALT Encoding   

  12  0:00  Probe  
  13  0:12  Probe  
  14  0:17  Pylon  
  14  0:24  Probe  
  15  0:35  Gateway  
  15  0:38  Probe (Chrono Boost)  
  16  0:48  Probe (Chrono Boost)  
  17  0:50  Assimilator  
  18  0:57  Assimilator  
  18  1:03  Assimilator  
  17  1:13  Pylon  
  17  1:18  Gateway  
  17  1:23  Cybernetics Core  
  17  1:27  Probe (Chrono Boost)  
  18  1:39  Probe (Chrono Boost)  
  19  1:40  Pylon  
  19  1:45  Probe (Chrono Boost)  
  20  1:54  Probe  
  21  1:57  Pylon  
  21  1:59  Warp Gate (Chrono Boost)  
  21  2:08  Probe  
  22  2:17  Pylon  
  22  2:28  Robotics Facility  
  22  2:30  Stalker  
  22  2:34  Stalker  
  26  2:41  Probe  
  27  3:08  Nexus  
  27  3:11  Sentry  
  29  3:19  Pylon  
  29  3:21  Observer  
  30  3:32  Probe  
  31  3:40  Shield Battery  
  30  3:49  Immortal (Chrono Boost)  
  34  4:02  Gateway  
  34  4:16  Shield Battery  
  34  4:18  Gateway  
  34  4:21  Sentry  
  34  4:23  Sentry  
Tags
 
Add a new tag
Caveats
  • Supply blocks, unpowered buildings, or Contaminate may cause inaccurate times.
  • Supply counts are checked every 10 seconds.